 Dungeon Crawl Stone Soup version 0.31-a0-344-gd109795599 (webtiles) character file.

Game seed: 16720263970462900579

55 AdnanSaban the Covered (level 3, -4/23 HPs)
             Began as a Gargoyle Fighter on July 22, 2023.
             Killed from afar by Sigmund (6 damage)
             ... with a magic dart
             ... on level 2 of the Dungeon.
             The game lasted 00:00:55 (772 turns).

AdnanSaban the Covered (Gargoyle Fighter)            Turns: 772, Time: 00:00:55

Health: -4/23      AC: 10    Str: 21    XL:     3   Next: 93%
Magic:  3/3        EV:  9    Int:  8    God:
Gold:   76         SH:  4    Dex:  9    Spells: 2/2 levels left

rFire   . . .        a - +0 flail
rCold   . . .        c - +0 buckler
rNeg    + . .        b - +0 scale mail
rPois   ∞            (no helmet)
rElec   +            (no cloak)
rCorr   .            (no gloves)
SInv    .            (no boots)
Will    .....        (no amulet) Stlth
                     (no ring)
HPRegen 0.23/turn    (no ring)
MPRegen 0.08/turn

%: no passive effects
@: no status effects
A: sickness immunity, AC +3, negative energy resistance 1, electricity
resistance, torment resistance 1, petrification resistance
a: no special abilities


You were on level 2 of the Dungeon.
You visited 1 branch of the dungeon, and saw 2 of its levels.

You collected 76 gold pieces.

Inventory:

Hand Weapons
 a - a +0 flail (weapon)
Armour
 b - a +0 scale mail (worn)
 c - a +0 buckler (worn)
Scrolls
 e - a scroll of blinking {unknown}
 h - a scroll of identify {unknown}
Potions
 d - a potion of might
 f - a potion of ambrosia {unknown}
 g - a potion of resistance {unknown}


   Skills:
 + Level 3.6 Fighting
 + Level 3.1 Maces & Flails
 + Level 3.8 Armour
 + Level 0.3 Dodging
 + Level 3.4 Shields


You had 2 spell levels left.
You didn't know any spells.
Your spell library was empty.

Dungeon Overview and Level Annotations

Branches:
Dungeon (2/15)

Altars:

Shops:
D:2 ?

Annotations:
D:2 Sigmund


Innate Abilities, Weirdness & Mutations

You are immune to sickness and miasma.
Your stone body is resilient. (AC +3)
You are immune to poison.
You resist negative energy. (rN+)
You are resistant to electric shocks. (rElec)
You are resistant to unholy torment.
You are immune to petrification.


Message History

You sock Sigmund!
Sigmund is severely wounded.
Sigmund completely misses you.
You closely miss Sigmund.
Sigmund is severely wounded.
Sigmund gestures at you while chanting.
The magic dart hits you but does no damage.
You barely miss Sigmund.
Sigmund is severely wounded.
Sigmund hits you with a +0 scythe. Sigmund hits you but does no damage.
You completely miss the rat.
You feel less confused. The rat bites you but does no damage.
Sigmund gestures at you while chanting. The puff of flame hits you.
You closely miss Sigmund.
Sigmund is severely wounded.
The rat bites you but does no damage. Sigmund hits you with a +0 scythe.
* * * LOW HITPOINT WARNING * * *
You hit Sigmund but do no damage.
Sigmund is severely wounded.
The rat bites you but does no damage. The rat closely misses you.
Sigmund hits you but does no damage.
You thump Sigmund!
Sigmund is almost dead.
The rat misses you. Sigmund hits you with a +0 scythe.
* * * LOW HITPOINT WARNING * * *
You closely miss Sigmund.
Sigmund is almost dead.
The rat barely misses you.
You closely miss Sigmund.
Sigmund is almost dead.
The rat bites you but does no damage. You block Sigmund's attack.
You block the rat's attack.
You hit Sigmund.
Sigmund is almost dead.
Sigmund casts a spell at you. The magic dart hits you.
You die...

#.#.##..## #.##
..... #...##)..#
#. ... .....##.#.#
#. ...
...........###
.......).....#
.........#.#.##...
.......#........
........#.#.....
.......@@.......
........r.......
####...#........
#:.. ###..... #...
..... #### .....
..


You could see Sigmund and a rat.

Vanquished Creatures
  Jessica (D:2)
  A dart slug (D:1)
  3 endoplasms (D:1)
  A giant cockroach (D:2)
  4 goblins
  3 quokkas (D:1)
  5 ball pythons
  2 frilled lizards (D:2)
  6 rats
26 creatures vanquished.

Notes
Turn   | Place    | Note
-------+----------+-------------------------------------------
     0 | D:1      | AdnanSaban the Gargoyle Fighter began the quest for the
                  | Orb.
     0 | D:1      | Reached XP level 1. HP: 14/14 MP: 1/1
   223 | D:1      | Reached XP level 2. HP: 19/19 MP: 2/2
   641 | D:2      | Found Dyalacig's Magic Scroll Boutique.
   648 | D:2      | Reached XP level 3. HP: 23/23 MP: 3/3
   701 | D:2      | Noticed Jessica
   712 | D:2      | Killed Jessica
   750 | D:2      | Noticed Sigmund
   769 | D:2      | HP: 1/23 [Sigmund/+0 scythe (4)]
   772 | D:2      | Killed from afar by Sigmund

Illustrated notes

Levels and vault maps discovered:
D:1:      dpeg_arrival_solitude, layout_basic
D:2:      layout_rooms, serial_shops, shop_fountains, shop_fountains,
          shop_scrolls, basic_ecumenical_altar, uniq_jessica,
          uniq_crazy_yiuf_cottage, uniq_sigmund

Skill      XL: |  1  2  3 |
---------------+----------+-----
Maces & Flails | 3 |  3.1
Fighting       | |  3.6
Armour         | |  3.8
Dodging        | |  0.3
Shields        | |  3.4

Action                     || total
---------------------------++-------
  Melee: Flail             ||   102
 Armour: Scale mail        ||    53
  Dodge: Dodged            ||    38
  Block: Buckler           ||    18

Table legend: (Time is in decaauts)
 A = Elapsed time spent in this place.
 B = Non-inter-level travel time spent in this place.
 C = Inter-level travel time spent in this place.
 D = Time resting spent in this place.
 E = Time spent auto-exploring this place.
 F = Levels seen in this place.
 G = Mean time per level.
                   A        B        C        D        E       F      G
               +--------+--------+--------+--------+--------+-----+--------+
         Total |    802 |    792 |     10 |      0 |    592 |   2 |  401.0 |
       Dungeon |    802 |    792 |     10 |      0 |    592 |   2 |  401.0 |
               +--------+--------+--------+--------+--------+-----+--------+

Top non-repeatable levels by time:
     D:1: 658 daAuts
     D:2: 144 daAuts
